 Dungeon Crawl Stone Soup version 0.30.1-3-gfc49f6343a (webtiles) character file.

Game seed: 2193159115051385357

2543 monsoonserge the Slicer (level 9, -2/106 HPs)
             Began as a Merfolk Monk on Aug 8, 2023.
             Was an Initiate of Uskayaw.
             Slain by a hornet (12 damage)
             ... on level 7 of the Dungeon.
             The game lasted 00:15:53 (6023 turns).

monsoonserge the Slicer (Merfolk Monk)              Turns: 6023, Time: 00:15:55

Health: -2/106     AC: 24    Str: 14    XL:     9   Next: 55%
Magic:  2/9        EV:  2    Int:  9    God:    Uskayaw [......]
Gold:   248        SH:  0    Dex: 21    Spells: 8/8 levels left

rFire   . . .        p - +5 dagger of the Baking Scavenger {speed, rC+ rCorr Str+3 SInv}
rCold   + . .        d - orb {light}
rNeg    . . .        w - melded +0 scale mail
rPois   +            F - melded +0 helmet
rElec   .            (cloak currently unavailable)
rCorr   +            (gloves currently unavailable)
SInv    +            m - melded +0 pair of boots
Will    .....        h - amulet "Tysyiclea" {Faith Harm Drain Stlth+}
Stlth   ++           (no ring)
HPRegen 0.37/turn    (no ring)
MPRegen 0.11/turn

%: harm (+30% outgoing, +20% incoming), faith
@: lethally poisoned (-2 -> -10), tree-form, glowing
A: stationary, stasis, torment immunity, boosted hp, (nimble swimmer 2),
(mertail)
a: Renounce Religion


You were on level 7 of the Dungeon.
You worshipped Uskayaw.
Uskayaw was noncommittal.
You were a tree.
You visited 2 branches of the dungeon, and saw 8 of its levels.
You also visited: Sewer.

You collected 248 gold pieces.

Inventory:

Hand Weapons
 p - the +5 dagger of the Baking Scavenger (weapon) {speed, rC+ rCorr Str+3 SInv}
   (You found it on level 2 of the Dungeon)

   Str:       It affects your strength (+3).
   rC:        It protects you from cold.
   SInv:      It lets you see invisible.
   rCorr:     It protects you from acid and corrosion.
Missiles
 q - 4 datura-tipped darts (quivered)
 y - 22 poisoned darts
 E - 4 javelins
Armour
 b - a +0 robe
 d - an orb of light (worn)
 g - a +0 ring mail
 m - a +0 pair of boots (melded)
 w - a +0 scale mail (melded)
 F - a +0 helmet (melded)
 J - a +1 leather armour of cold resistance
Magical Staves
 H - the staff of death "Puhib" {rF+ rN+}
   (You found it on level 5 of the Dungeon)

   [staff of death]

   Base accuracy: +5 Base damage: 5 Base attack delay: 1.2 This weapon's minimum
   attack delay (0.6) is reached at skill level 12.
   rF:        It protects you from fire.
   rN:        It protects you from negative energy.
   It falls into the 'Staves' category.
   It is a one-handed weapon.
Jewellery
 h - the amulet "Tysyiclea" (around neck) {Faith Harm Drain Stlth+}
   (You found it on level 2 of the Dungeon)

   [amulet of faith]

   It allows you to gain divine favour quickly.
   Drain:     It drains your maximum health when unequipped.
   Harm:      It increases damage dealt and taken.
   Stlth:     It makes you more stealthy.
 k - a ring of ice
Wands
 I - a wand of iceblast (11)
Scrolls
 a - 6 scrolls of identify {unknown}
 e - 3 scrolls of summoning {unknown}
 l - a scroll of enchant weapon {unknown}
 o - a scroll of immolation {unknown}
 s - 2 scrolls of teleportation {unknown}
 z - a scroll of vulnerability {unknown}
 C - a scroll of fog {unknown}
 D - a scroll of enchant armour {unknown}
 G - 2 scrolls of fear {unknown}
Potions
 c - 3 potions of haste {unknown}
 f - 2 potions of invisibility {unknown}
 i - 3 potions of mutation {unknown}
 j - 3 potions of lignification
 n - 2 potions of might {unknown}
 r - 2 potions of flight {unknown}
 t - 3 potions of heal wounds
 u - a potion of brilliance {unknown}
 v - 2 potions of berserk rage {unknown}
 x - a potion of attraction {unknown}
 A - 3 potions of curing {unknown}
 B - 3 potions of cancellation {unknown}


   Skills:
 + Level 6.5 Fighting
 + Level 8.8(9.3) Short Blades
 - Level 4.5(7.2) Long Blades
 + Level 4.5 Armour
 + Level 7.0 Dodging
 * Level 4.1 Stealth
 * Level 1.0 Invocations


You had 8 spell levels left.
You didn't know any spells.
Your spell library contained the following spells:

 Spells                   Type           Power      Damage    Failure   Level
 Summon Small Mammal      Summ           0%         N/A       38%         1
 Call Canine Familiar     Summ           0%         N/A       77%         3
 Ozocubu's Armour         Ice            0%         N/A       77%         3
 Portal Projectile        Hex/Tloc       0%         N/A       77%         3
 Summon Guardian Golem    Hex/Summ       0%         N/A       77%         3
 Leda's Liquefaction      Hex/Erth       0%         N/A       99%         4
 Ozocubu's Refrigeration  Ice            0%         4d7       100%        7


Dungeon Overview and Level Annotations

Branches:
Dungeon (7/15)             Temple (1/1) D:5           Sewer (visited)

Altars:
Ashenzari
Dithmenos
Elyvilon
Fedhas
Hepliaklqana
Makhleb
Nemelex Xobeh
Qazlal
Ru
Trog
Uskayaw
Vehumet
Yredelemnul
Zin
The Shining One

Shops:
D:2 [   D:7 ((=*


Innate Abilities, Weirdness & Mutations

You are a tree.
Your roots penetrate the ground, keeping you stationary.
You cannot be teleported.
You are immune to unholy pain and torment.
Your maximum health is greatly increased.
Your equipment is partially melded.
((You are very nimble when in or above water. (Stealth+, EV+, Speed+++)))
((Your lower body shifts to a powerful aquatic tail in water.))


Message History

You are more poisoned.
You suddenly lose the ability to move!
You feel very sick. The hornet stings you!
You feel as though you will be slow longer.
The hornet stings you.
You shrug off the repeated paralysis!
You feel very sick. The hornet stings you!
* * * LOW HITPOINT WARNING * * *
You are lethally poisoned!
You shrug off the repeated paralysis!
You can move again.
You are illuminated by a small divine halo.
You are lethally poisoned (11 -> -13).
You are slowed.
You are glowing.
Your movement speed is very slow.
Your attack delay is about 0.5.
Your damage rating with the +5 dagger of the Baking Scavenger {speed, rC+ rCorr Str+3 SInv} is about 11 (Base 4 x 127% (Dex) x 130% (Skill) + 5 (Ench)).
Your base attributes are Str 11, Int 9, Dex 21.
Okay, then.
It was a potion of heal wounds.
You feel much better.
You feel yourself speed up.
You feel extremely sick. The hornet closely misses you. The hornet stings you!
* * * LOW HITPOINT WARNING * * *
You feel yourself slow down.
It was a potion of lignification.
You turn into a tree.
Your +0 helmet melds into your body.
Your +0 pair of boots melds into your body.
Your +0 scale mail melds into your body.
Your roots penetrate the ground.
You feel yourself speed up.
* * * LOW HITPOINT WARNING * * *
You feel very sick.
The hornet stings you but does no damage. x3
You stomp with the beat, sending a shockwave through the revellers around you!
The hornet is severely wounded.
You can no longer stomp with the beat.
* * * LOW HITPOINT WARNING * * *
You feel very sick. The hornet stings you!
You die...

##.#..#.# ##. #
#.#..#.# .. .#
#.#..#.# ##.####.###
#.##.#.# #.........#
#....#.####.♣.♣.♣.♣.#
######.......⌠.∩.⌠..#
######.♣.♣.♣.♣.#
.........∩...∩..#
#######.♣.♣♣♣.♣.#
#....⌠.y.⌠..#
#.#.♣.♣.♣.♣.#
#.#...[.....# #
##...###### ###.# ..#
####


You could see a hornet.

Vanquished Creatures
  A water moccasin (D:6)
  2 ice beasts (D:5)
  A black bear (D:6)
  6 ogres
  2 phantoms
  Blork the orc (D:4)
  2 kobold brigands (Sewer)
  A bullfrog (D:6)
  4 scorpions
  2 electric eels (D:6)
  7 hounds
  4 jellies
  2 orc priests
  3 iguanas
  3 orc wizards
  A sleepcap (D:5)
  Robin (D:3)
  4 gnolls (D:4)
  17 adders
  2 river rats (Sewer)
  A white imp (D:5)
  An ufetubus (D:5)
  3 worms
  6 dart slugs
  16 orcs
  4 bats
  9 endoplasms
  2 giant cockroaches
  9 hobgoblins
  6 jackals
  11 kobolds
  2 quokkas (D:1)
  9 ball pythons
  2 frilled lizards
  15 goblins
  6 rats
168 creatures vanquished.

Notes
Turn   | Place    | Note
-------+----------+-------------------------------------------
     0 | D:1      | monsoonserge the Merfolk Monk began the quest for the Orb.
     0 | D:1      | Reached XP level 1. HP: 18/18 MP: 1/1
    50 | D:1      | Reached XP level 2. HP: 23/24 MP: 2/2
   343 | D:1      | Reached XP level 3. HP: 30/30 MP: 3/3
   747 | D:2      | Found Laimesh's Armour Shop.
   784 | D:2      | Identified the amulet "Tysyiclea" {Faith Harm Drain Stlth+}
  1105 | D:2      | Identified the +5 dagger of the Baking Scavenger {speed,
                  | rC+ rCorr Str+3 SInv}
  1162 | D:2      | Reached XP level 4. HP: 37/37 MP: 4/4
  1589 | D:3      | Reached skill level 5 in Dodging
  1619 | D:3      | Noticed Robin
  1682 | D:3      | Reached skill level 1 in Short Blades
  1682 | D:3      | Reached skill level 1 in Armour
  1682 | D:3      | Reached XP level 5. HP: 33/42 MP: 5/5
  1691 | D:3      | Killed Robin
  2242 | D:4      | Reached skill level 2 in Short Blades
  2242 | D:4      | Reached XP level 6. HP: 46/49 MP: 6/6
  2401 | D:4      | Reached skill level 3 in Short Blades
  2513 | D:4      | Found a glowing drain.
  2526 | Sewer    | Entered a sewer
  2572 | Sewer    | Reached XP level 7. HP: 22/55 MP: 7/7
  2808 | Sewer    | Reached skill level 5 in Fighting
  2893 | Sewer    | Reached skill level 4 in Short Blades
  3223 | D:4      | Noticed Blork the orc
  3241 | D:4      | Killed Blork the orc
  3406 | D:4      | Reached skill level 5 in Short Blades
  3446 | D:4      | Reached XP level 8. HP: 52/62 MP: 6/8
  3669 | D:5      | Entered Level 5 of the Dungeon
  3846 | D:5      | Reached skill level 6 in Short Blades
  4069 | D:5      | Found a glowing silver altar of Zin.
  4339 | D:5      | Reached skill level 7 in Short Blades
  4339 | D:5      | Reached skill level 1 in Stealth
  4422 | D:5      | Identified the staff of death "Puhib" {rF+ rN+}
  4505 | D:5      | Found a staircase to the Ecumenical Temple.
  4527 | Temple   | Entered the Ecumenical Temple
  4661 | Temple   | Became a worshipper of Uskayaw the Reveller
  4661 | Temple   | Reached * piety under Uskayaw
  4701 | D:5      | Reached ** piety under Uskayaw
  4751 | D:5      | Reached *** piety under Uskayaw
  4753 | D:5      | Reached skill level 8 in Short Blades
  4753 | D:5      | Reached XP level 9. HP: 69/69 MP: 9/9
  4886 | D:5      | Reached **** piety under Uskayaw
  5207 | D:6      | Found a radiant altar of Vehumet.
  5756 | D:6      | Reached skill level 1 in Invocations
  6004 | D:7      | Found Joerghin's Weapon Shoppe.
  6006 | D:7      | Found Kiph's Weapon Shoppe.
  6006 | D:7      | Found Xucis's Jewellery Shoppe.
  6008 | D:7      | Found Ymiw's Assorted Antiques.
  6011 | D:7      | Noticed a hornet
  6018 | D:7      | Paralysed by a hornet for 3 turns
  6023 | D:7      | Slain by a hornet

Illustrated notes

Levels and vault maps discovered:
D:1:      minmay_arrival_checkered_box, layout_basic
D:2:      layout_loops_ring, serial_shops, nicolae_shop_waterfront
D:3:      layout_basic, uniq_robin
D:4:      layout_basic, portal_sewer_entry_d, uniq_blork_the_orc
D:5:      minmay_octagon_keep, layout_loops_ring, mainiacjoe_overflow_paths,
          minmay_temple_entry_drinking_statues
D:6:      layout_basic, mainiacjoe_overflow_surrounded_room,
          serial_bayou_pond_a, serial_bayou_ford_a, kennysheep_path_1
D:7:      layout_basic, mainiacjoe_overflow_catwalk_spiral, minmay_shop_mass,
          minmay_shop_grid_forest, roderic_roman_lattice,
          nicolae_zen_rock_garden, serial_park_tiny_2, uniq_pikel
Temple:   nicolae_temple_bog_church

Skill      XL: |  1  2  3  4  5  6  7  8  9 |
---------------+----------------------------+-----
Long Blades    | 4 |  4.5
Fighting       | 4 5 6 |  6.5
Dodging        | 5 6 7 |  7.0
Short Blades   | 1 2 3 5 8 |  8.8
Armour         | 1 2 3 4 |  4.5
Stealth        | 1 4 |  4.1
Invocations    | 1 |  1.0

Action                     |  1- 3 |  4- 6 |  7- 9 || total
---------------------------+-------+-------+-------++-------
  Melee: Falchion          |    94 |       |       ||    94
         Dagger            |     7 |   164 |   348 ||   519
         Tailslap          |       |       |    10 ||    10
 Invoke: Stomp             |       |       |     9 ||     9
         Line Pass         |       |       |     1 ||     1
    Use: Potion            |       |     1 |     2 ||     3
   Stab: Paralysed         |       |       |     4 ||     4
         Sleeping          |       |       |     3 ||     3
 Armour: Robe              |     6 |       |       ||     6
         Ring mail         |    18 |    38 |    50 ||   106
         Skin              |       |       |     3 ||     3
  Dodge: Dodged            |    80 |    82 |   139 ||   301
